 Dungeon Crawl Stone Soup version 0.28-a0-1435-g82390b3a13 (webtiles) character file.

Game seed: 1649291394174654225

34 Hasart the Skirmisher (level 3, 0/37 HPs)
             Began as an Ogre Warper on Jan 9, 2022.
             Was a Follower of Dithmenos.
             Slain by an adder (2 damage)
             ... on level 2 of the Dungeon.
             The game lasted 00:02:37 (1436 turns).

Hasart the Skirmisher (Ogre Warper)                 Turns: 1436, Time: 00:02:38

Health: 0/37       AC:  3    Str: 17    XL:     3   Next: 31%
Magic:  6/6        EV:  9    Int: 14    God:    Dithmenos [*.....]
Gold:   44         SH:  0    Dex:  8    Spells: 6/6 levels left

rFire   . . .      SeeInvis .   a - +0 hand axe
rCold   . . .      Faith    .   (no shield)
rNeg    . . .      Spirit   .   b - +0 robe
rPois   .          Reflect  .   (helmet restricted)
rElec   .          Harm     .   (no cloak)
rCorr   .          Rampage  .   (gloves unavailable)
Will    .....                   (boots unavailable)
Stlth   +.........              (no amulet)
HPRegen 0.12/turn               (no ring)
MPRegen 0.10/turn               (no ring)

@: wreathed by umbra
A: large, unfitting armour, tough skin 1
a: Renounce Religion


You were on level 2 of the Dungeon.
You worshipped Dithmenos.
Dithmenos was aware of your devotion.
You visited 1 branch of the dungeon, and saw 2 of its levels.

You collected 44 gold pieces.

Inventory:

Hand Weapons
 a - a +0 hand axe (weapon)
Armour
 b - a +0 robe (worn)
Scrolls
 c - a scroll of blinking
 e - a scroll of identify {unknown}
 f - a scroll of noise {unknown}
Potions
 g - a potion of might {unknown}


   Skills:
 + Level 3.5 Fighting
 * Level 3.2 Axes
 - Level 1.0 Throwing
 - Level 2.1 Dodging
 - Level 2.4 Spellcasting
 - Level 2.6 Translocations


You had 6 spell levels left.
You didn't know any spells.
Your spell library contained the following spells:

 Spells                   Type           Power      Damage    Failure   Level
 Blink                    Tloc           18%        N/A       12%         2
 Gell's Gravitas          Tloc           9%         N/A       22%         3
 Lesser Beckoning         Tloc           9%         N/A       22%         3
 Teleport Other           Tloc           9%         N/A       22%         3
 Manifold Assault         Tloc           9%         N/A       91%         5


Dungeon Overview and Level Annotations

Branches:
Dungeon (2/15)

Altars:
Dithmenos


Innate Abilities, Weirdness & Mutations

You are too large for most types of armour.
You have tough skin. (AC +1)


Message History

The hobgoblin hits you but does no damage.
The adder barely misses you. The endoplasm freezes you.
You are frozen.
You hit the adder.
The adder is lightly wounded.
You hit the endoplasm. You completely miss the hobgoblin. The adder bites you.
The hobgoblin closely misses you. The endoplasm barely misses you.
The adder bites you but does no damage.
Unknown command.
You barely miss the adder.
The adder is lightly wounded.
You closely miss the hobgoblin. You hit the endoplasm but do no damage.
The hobgoblin barely misses you. The adder misses you.
The endoplasm freezes you.
You are frozen.
* * * LOW HITPOINT WARNING * * *
The hobgoblin hits you.
* * * LOW HITPOINT WARNING * * *
You slash the adder!
The adder is severely wounded.
You hit the hobgoblin.
You kill the hobgoblin!
Dithmenos accepts your kill.
You hit the endoplasm. The adder barely misses you.
The endoplasm barely misses you.
You closely miss the adder.
The adder is severely wounded.
You hit the endoplasm but do no damage. The adder barely misses you.
The endoplasm barely misses you. The adder bites you.
* * * LOW HITPOINT WARNING * * *
Unknown command.
You closely miss the adder.
The adder is severely wounded.
You hit the endoplasm but do no damage. The adder closely misses you.
The endoplasm freezes you.
You are frozen.
* * * LOW HITPOINT WARNING * * *
The adder bites you.
You die...

#.........#....##..... #
#.........#....##..... #.
+....######.....+.....
#..#....#....#...###.....
#.......#....#...........
.######.............##.....
....................#...##.
###....S)J........#... #.
#...##@...###. #...##.
#...##........ #......
#............. #......
............... #......
.:...........#... ........
#...........................
.......................##...
.......................##...
....#.....................##


You could see an adder and an endoplasm.

Vanquished Creatures
  2 dart slugs
  An endoplasm (D:1)
  2 giant cockroaches (D:1)
  3 goblins (D:1)
  2 hobgoblins
  2 jackals (D:2)
  3 kobolds
  2 quokkas
  3 ball pythons (D:1)
  2 bats (D:1)
  3 frilled lizards
  4 rats (D:2)
29 creatures vanquished.

Notes
Turn   | Place    | Note
-------+----------+-------------------------------------------
     0 | D:1      | Hasart the Ogre Warper began the quest for the Orb.
     0 | D:1      | Reached XP level 1. HP: 22/22 MP: 3/3
   133 | D:1      | Found a faded altar of an unknown god.
   145 | D:1      | Prayed at the altar of an unknown god.
   145 | D:1      | Became a worshipper of Dithmenos the Shadowed
   145 | D:1      | Reached * piety under Dithmenos
   225 | D:1      | Reached XP level 2. HP: 31/31 MP: 5/5
   914 | D:2      | Reached XP level 3. HP: 37/37 MP: 6/6
  1436 | D:2      | Slain by an adder

Illustrated notes

Levels and vault maps discovered:
D:1:      ncdulo_smallfort, layout_loops_cross,
          hellmonk_ecumenical_altar_run_dry, chequers_serial_rivers_micro_e
D:2:      layout_basic, grunt_ministairs_6

Skill      XL: |  1  2 |
---------------+-------+-----
Fighting       | 3 |  3.5
Axes           | 3 |  3.2
Throwing       | |  1.0
Dodging        | |  2.1
Spellcasting   | |  2.4
Translocations | |  2.6

Action                   || total
-------------------------++-------
Melee: Hand axe          ||   112
       Punch             ||     2
Throw: Boomerang         ||     5
Armor: Robe              ||    41
Dodge: Dodged            ||    88

Table legend: (Time is in decaauts)
 A = Elapsed time spent in this place.
 B = Non-inter-level travel time spent in this place.
 C = Inter-level travel time spent in this place.
 D = Time resting spent in this place.
 E = Time spent auto-exploring this place.
 F = Levels seen in this place.
 G = Mean time per level.
                   A        B        C        D        E       F      G
               +--------+--------+--------+--------+--------+-----+--------+
         Total |   1454 |   1447 |      7 |      0 |   1197 |   2 |  727.0 |
       Dungeon |   1454 |   1447 |      7 |      0 |   1197 |   2 |  727.0 |
               +--------+--------+--------+--------+--------+-----+--------+

Top non-repeatable levels by time:
     D:1: 884 daAuts
     D:2: 570 daAuts
